cohdb
Replays
Latest Replays
All Replays
Popular Replays
Top Player Replays
Match Explorer
How It Works
Community
CoH3 Stats
Reddit
Sign in to upload your games and track your stats! →
Sign in with Steam
Match 25263871
Unlisted
Match 25263871
Overview
Messages
Build Orders
End
Kradschützen Motorcycle Team
Selects Italian Combined Arms Battlegroup
Selects Bersaglieri Squad
Bersaglieri Squad
Bersaglieri Squad
Bersaglieri Squad
Construct Light Support Kompanie
2.5-tonne Medical Truck
Selects Bersaglieri Bolster
Fire Support Elements
Panzerjäger Mechanized Group
Flakvierling Half-track
Pak 38 Anti-tank Gun Team
Selects Breda Model 30 Light Machine Guns
Panzerpioneer Squad
Construct Panzerarmee Kommand
Emergency Repair Kits
Armored Reserves
Selects Semovente da 75/18 Assault Gun
Selects Strafing Run
Panzer IV Assault Group
basegraph7022
arturoche2329
ConcernedApe
INTEL
0
0
Comments
sign in to comment!
No comments posted yet!